 Dungeon Sprint DCSS version 0.18-a0-640-g2c992fa (webtiles) character file.

35945 xeno23 the Shatterer (level 13, -6/202 (204) HPs)
             Began as a Minotaur Berserker on Dec 5, 2015.
             Was a High Priest of Trog.
             Mangled by Tiamat
             ... wielding a +2 glaive of venom
              (63 damage)
             ... in the Dungeon (Sprint I: "Red Sonja").
             The game lasted 00:44:21 (4830 turns).

xeno23 the Shatterer (Minotaur Berserker)           Turns: 4830, Time: 00:44:22

HP:   -6/202 (204)  AC: 20    Str: 38    XL:     13   Next: 50%
MP:   5/5           EV: 19    Int:  6    God:    Trog [*****.]
Gold: 2931          SH:  0    Dex: 13    Spells: 0 memorised, 12 levels left

rFire  + . .     SeeInvis +     a - +1 battleaxe "Bogim" {antimagic, +Fly rF+ rC- Dex+6}
rCold  . . .     Clarity  .     o - +0 chain mail "Rionucos" {Str+3 SInv}
rNeg   + . .     SustAt   +     (shield currently unavailable)
rPois  +         Gourm    .     (helmet restricted)
rElec  .         Spirit   .     b - +0 cloak {rPois}
rCorr  +         Dismiss  .     w - +0 pair of gloves
rMut   .         NoTele   +     p - +0 pair of boots
MR     .....                    y - amulet of resist corrosion
Stlth  ..........               M - ring of Yptishrel {rC+ rN+ Str+3 Dex-3 Stlth+}
                                z - ring of sustain attributes

@: berserking (expiring), lethally poisoned (-6 -> -51), very quick, not
resistant to hostile enchantments, extremely unstealthy
A: retaliatory headbutt, horns 2, clever 1, deterioration 2
a: Berserk, Trog's Hand, Brothers in Arms, Burn Spellbooks, Renounce Religion,
Evoke Flight


You were in the Dungeon.
You worshipped Trog.
Trog was extremely pleased with you.
You were not hungry.

You visited 1 branch You collected 6289 gold pieces.
You spent 3358 gold pieces at shops.

Inventory:

Hand Weapons
 a - the +1 battleaxe "Bogim" (weapon) {antimagic, +Fly rF+ rC- Dex+6}
   (You bought it in a shop in the Dungeon)

   It disrupts the flow of magical energy around spellcasters and certain
   magical creatures (including the wielder).
   It affects your dexterity (+6).
   It protects you from fire.
   It makes you vulnerable to cold.
   It lets you fly.
 l - a +4 great mace of holy wrath
 m - a +2 greatsling of freezing
 n - the +11 dire flail "Muprauss" {drain, rN+ Str+3}
   (Trog gifted it to you in the Dungeon)

   A truly terrible weapon, it drains the life of those it strikes.
   It affects your strength (+3).
   It protects you from negative energy.
 E - the +3 dire flail of Miemin {holy, rElec rC+ Str+4 Dex-3 Stlth+}
   (Trog gifted it to you in the Dungeon)

   It has been blessed by the Shining One to cause great damage to the undead
   and demons.
   It affects your strength (+4).
   It affects your dexterity (-3).
   It protects you from cold.
   It insulates you from electricity.
   It makes you more stealthy.
Missiles
 r - 16 stones (quivered)
 u - 7 steel javelins
Armour
 b - a +0 cloak of poison resistance (worn)
 o - the +0 chain mail "Rionucos" (worn) {Str+3 SInv}
   (You bought it in a shop in the Dungeon)

   It affects your strength (+3).
   It lets you see invisible.
 p - a +0 pair of boots (worn)
 w - a +0 pair of gloves (worn)
 C - a +0 large shield
 H - a gold dragon hide
Jewellery
 y - an amulet of resist corrosion (around neck)
 z - a ring of sustain attributes (left hand)
 I - an uncursed ring of protection from fire
 M - the ring of Yptishrel (right hand) {rC+ rN+ Str+3 Dex-3 Stlth+}
   (You found it in the Dungeon)

   [ring of strength]

   It affects your strength (+3).
   It affects your dexterity (-3).
   It protects you from cold.
   It protects you from negative energy.
   It makes you more stealthy.
Wands
 j - a wand of digging (9)
 q - a wand of heal wounds (4)
Scrolls
 i - 2 scrolls of blinking
 s - 4 scrolls of recharging
 v - a scroll of silence
 A - 2 scrolls of enchant weapon
 B - a scroll of fog
 F - a scroll of immolation
 G - 2 scrolls of remove curse
Potions
 c - 2 potions of might
 d - 4 potions of curing
 e - 3 potions of heal wounds
 f - 2 potions of haste
 g - 2 potions of magic
 h - a potion of berserk rage
 t - 2 potions of agility
 x - a potion of cancellation
 D - a potion of brilliance
Books
 J - a book of Necromancy

   Spells                             Type                      Level
   a - Pain                           Necromancy                   1
   b - Animate Skeleton               Necromancy                   1
   c - Vampiric Draining              Necromancy                   3
   d - Regeneration                   Charms/Necromancy            3
   e - Animate Dead                   Necromancy                   4
   f - Control Undead                 Necromancy                   4
   Trog disapproves of the use of such an item.
 L - a book of Minor Magic

   Spells                             Type                      Level
   a - Magic Dart                     Conjuration                  1
   b - Blink                          Translocation                2
   c - Call Imp                       Summoning                    2
   d - Repel Missiles                 Charms/Air                   2
   e - Slow                           Hexes                        2
   f - Conjure Flame                  Conjuration/Fire             3
   g - Mephitic Cloud                 Conjuration/Poison/Air       3
   Trog disapproves of the use of such an item.
Comestibles
 k - 4 bread rations
 K - a slice of pizza


   Skills:
 + Level 18.4 Fighting
 * Level 24.1 Maces & Flails
 + Level 18.2 Armour
 + Level 16.8 Dodging
 + Level 8.3 Shields
 + Level 7.0 Evocations


You had 12 spell levels left.
You didn't know any spells.

Dungeon Overview and Level Annotations

Branches:
Dungeon (1/1)

Altars:
Cheibriados
Dithmenos
Elyvilon
Fedhas
Gozag
Kikubaaqudgha
Makhleb
Nemelex Xobeh
Okawaru
Pakellas
Qazlal
Ru
Sif Muna
Trog
Vehumet
Xom
Yredelemnul
Zin
The Shining One
Jiyva

Shops:
D }((*(?*%***=[*[([:([%(

Annotations:
D exclusion: 2 doors, Lom Lobon, Tiamat


Innate Abilities, Weirdness & Mutations

You reflexively headbutt those who attack you in melee.
You have a pair of horns on your head.
Your mind is acute. (Int +2)
Your body often deteriorates upon taking damage.


Message History

You take 61 damage.
You cut Tiamat into ribbons!!! You headbutt Tiamat, but do no damage.
Tiamat is moderately wounded.
You feel very sick.
You take 3 damage.
You hit Tiamat but do no damage. You headbutt Tiamat, but do no damage.
Tiamat is moderately wounded.
You feel very sick. Tiamat closely misses you. Tiamat barely misses you.
Tiamat closely misses you.
You take 3 damage.
Your chain mail "Rionucos" prevents you from hitting Tiamat.
You headbutt Tiamat, but do no damage.
Tiamat is moderately wounded.
You feel very sick.
You take 2 damage.
You closely miss Tiamat.
Tiamat is moderately wounded.
You feel sick.
Tiamat hits you with a glaive of venom!!!
You die...

'#.#.......)')####......§..#.#.§.
...#'''######§#.)'§§....####'#.##
...#...§§§..#.#####§..###....#.#≈
####....§.§#§§#...#####.).####,#≈
.()...§.§§≈####)........###,,,,#≈
[......§§§≈##[.)....#####.§,,####
.......≈≈§###.)....##,,§§§§,,#..#
##..≈≈≈≈### #.....##,,,§§&§§,#...
#'######'####...@.#,,,,§§.§§,#...
∩########∩∩####d###****.§§§§§#...
∩∩∩∩∩∩∩∩∩∩###≈≈≈≈≈≈≈≈.*.§.&§§####
########### ###.######*§§§§§*§§)#
#..0..+,,,,,.§§§§#§§'
#######*****###**####


You could see Tiamat.

Vanquished Creatures
  the Lernaean hydra (D)
  Norris (D)
  A golden dragon (D)
  A deep elf master archer (D)
  A daeva (D)
  4 fire giants (D)
  A lorocyproca (D)
  A deep elf annihilator (D)
  A mummy priest (D)
  2 centaur warriors (D)
  A hydra (D)
  Sonja (D)
  A deep troll (D)
  7 unseen horrors (D)
  A lindwurm (D)
  2 oklob plants (D)
  4 shining eyes (D)
  2 gargoyles (D)
  2 sirens (D)
  2 kobold demonologists (D)
  3 demonic crawlers (D)
  A hellwing (D)
  A slime creature (D)
  4 trapdoor spiders (D)
  Sigmund (D)
  A yak (D)
  13 hogs (D)
  7 necrophages (D)
  An ogre (D)
  5 wasps (D)
  8 jellies (D)
  Ijyb (D)
  6 giant eyeballs (D)
  5 ballistomycetes (D)
  A giant spore (D)
95 creatures vanquished.

Vanquished Creatures (collateral kills)
  A shadow dragon (D)
  4 shining eyes (D)
  A demonic crawler (D)
  A giant eyeball (D)
7 creatures vanquished.

Vanquished Creatures (others)
  4 ball lightnings (D)
  A giant spore (D)
5 creatures vanquished.

Grand Total: 107 creatures vanquished

Notes
Turn   | Place    | Note
--------------------------------------------------------------
     0 | D        | xeno23 the Minotaur Berserker began the quest for the Orb.
     0 | D        | Reached XP level 1. HP: 19/19 MP: 0/0
     1 | D        | Noticed Ijyb
     6 | D        | Killed Ijyb
     6 | D        | Reached skill level 4 in Fighting
     6 | D        | Reached skill level 5 in Maces & Flails
     6 | D        | Reached XP level 2. HP: 28/28 MP: 1/1
    42 | D        | Noticed an ogre
    45 | D        | Killed an ogre
    45 | D        | Reached ** piety under Trog
    45 | D        | Reached skill level 6 in Fighting
    45 | D        | Reached skill level 8 in Maces & Flails
    45 | D        | Reached skill level 5 in Armour
    45 | D        | Reached XP level 3. HP: 37/37 MP: 2/2
    45 | D        | Reached XP level 4. HP: 44/44 MP: 3/3
    83 | D        | Noticed Sigmund
    88 | D        | Killed Sigmund
    88 | D        | Reached skill level 10 in Maces & Flails
    88 | D        | Reached XP level 5. HP: 53/53 MP: 4/4
    88 | D        | Reached XP level 6. HP: 61/61 MP: 5/5
   112 | D        | Found a deep blue altar of Sif Muna.
   114 | D        | Found a radiant altar of Vehumet.
   133 | D        | Found a snail-covered altar of Cheibriados.
   133 | D        | Found a viscous altar of Jiyva.
   133 | D        | Found a shadowy altar of Dithmenos.
   133 | D        | Found a blossoming altar of Fedhas.
   133 | D        | Noticed a slime creature
   137 | D        | Killed a slime creature
   137 | D        | Reached *** piety under Trog
   137 | D        | Reached skill level 11 in Maces & Flails
   172 | D        | Found Tubbiacuem's General Store.
   172 | D        | Found a white marble altar of Elyvilon.
   172 | D        | Found a stormy altar of Qazlal.
   172 | D        | Found a burning altar of Makhleb.
   172 | D        | Found a sacrificial altar of Ru.
   172 | D        | Found an oddly glowing altar of Pakellas.
   172 | D        | Found a basalt altar of Yredelemnul.
   172 | D        | Found a glowing golden altar of the Shining One.
   172 | D        | Found a sparkling altar of Nemelex Xobeh.
   172 | D        | Found a shimmering altar of Xom.
   172 | D        | Found an opulent altar of Gozag.
   172 | D        | Found an ancient bone altar of Kikubaaqudgha.
   172 | D        | Found a glowing silver altar of Zin.
   172 | D        | Noticed a yak
   176 | D        | Killed a yak
   176 | D        | Reached skill level 12 in Maces & Flails
   176 | D        | Reached XP level 7. HP: 70/70 MP: 6/6
   177 | D        | Found an iron altar of Okawaru.
   178 | D        | Found a bloodstained altar of Trog.
   237 | D        | Noticed a kobold demonologist
   237 | D        | Paralysed by a giant eyeball for 3 turns
   238 | D        | Noticed a kobold demonologist
   245 | D        | Killed a kobold demonologist
   245 | D        | Reached **** piety under Trog
   245 | D        | Reached skill level 13 in Maces & Flails
   249 | D        | Killed a kobold demonologist
   249 | D        | Reached skill level 10 in Fighting
   249 | D        | Reached XP level 8. HP: 79/79 MP: 7/7
   298 | D        | Noticed a demonic crawler
   298 | D        | Noticed a demonic crawler
   298 | D        | Noticed a demonic crawler
   298 | D        | Noticed a demonic crawler
   299 | D        | Killed a demonic crawler
   299 | D        | Reached skill level 10 in Armour
   303 | D        | Killed a demonic crawler
   303 | D        | Reached skill level 14 in Maces & Flails
   308 | D        | Killed a demonic crawler
   313 | D        | Killed a demonic crawler
   313 | D        | Reached ***** piety under Trog
   313 | D        | Reached skill level 10 in Dodging
   338 | D        | Noticed a gargoyle
   344 | D        | Killed a gargoyle
   344 | D        | Reached skill level 15 in Maces & Flails
   344 | D        | Reached XP level 9. HP: 89/89 MP: 8/8
   382 | D        | Noticed a lindwurm
   389 | D        | Killed a lindwurm
   593 | D        | Received a gift from Trog
   593 | D        | Reached skill level 16 in Maces & Flails
   634 | D        | Received a gift from Trog
   634 | D        | Reached XP level 10. HP: 85/100 MP: 9/9
   637 | D        | Got a scorched dire flail {god gift}
   638 | D        | Identified the +11 dire flail "Muprauss" {drain, rN+ Str+3} (Trog gifted it to you in the Dungeon)
   651 | D        | Noticed Norris
   672 | D        | Killed a lorocyproca
   672 | D        | Reached skill level 17 in Maces & Flails
  1017 | D        | Noticed a centaur warrior
  1017 | D        | Noticed a centaur warrior
  1023 | D        | Killed a centaur warrior
  1028 | D        | Killed a centaur warrior
  1028 | D        | Reached skill level 18 in Maces & Flails
  1184 | D        | Noticed an oklob plant
  1188 | D        | Killed an oklob plant
  1202 | D        | Reached ****** piety under Trog
  1202 | D        | Received a gift from Trog
  1227 | D        | Killed an unseen horror
  1227 | D        | Received a gift from Trog
  1227 | D        | Reached skill level 19 in Maces & Flails
  1227 | D        | Reached XP level 11. HP: 83/111 MP: 10/10
  1231 | D        | Killed an unseen horror
  1263 | D        | Noticed a deep troll
  1266 | D        | Killed a deep troll
  1382 | D        | Found Iding's Armour Emporium.
  1388 | D        | Bought the +0 chain mail "Rionucos" {Str+3 SInv} for 264 gold pieces
  1388 | D        | Bought a +0 pair of boots for 54 gold pieces
  1510 | D        | Noticed Sonja
  1518 | D        | Killed Sonja
  1556 | D        | Found Wineh's Gadget Boutique.
  1564 | D        | Bought a wand of heal wounds (4) for 624 gold pieces
  1570 | D        | Paralysed by a giant eyeball for 4 turns
  1571 | D        | Gained mutation: Your mind is acute. (Int +2) [a shining eye]
  1575 | D        | Gained mutation: Your body sometimes deteriorates upon taking damage. [a shining eye]
  1578 | D        | Received a gift from Trog
  1578 | D        | Reached skill level 15 in Fighting
  1580 | D        | Reached skill level 20 in Maces & Flails
  1583 | D        | Gained mutation: Your body often deteriorates upon taking damage. [a shining eye]
  1584 | D        | Reached skill level 15 in Armour
  1586 | D        | Paralysed by a giant eyeball for 2 turns
  1591 | D        | Received a gift from Trog
  1637 | D        | Found Adiugen's Antique Weapon Shop.
  1637 | D        | Found Guify's Weapon Shoppe.
  1637 | D        | Found Ysaxafuq's Magic Scroll Boutique.
  1637 | D        | Found Roep's Weapon Emporium.
  1715 | D        | Noticed a daeva
  1721 | D        | Noticed a 12-headed hydra
  1726 | D        | Killed a 12-headed hydra
  1726 | D        | Received a gift from Trog
  1760 | D        | Noticed a deep elf annihilator
  1824 | D        | Killed Norris
  1824 | D        | Received a gift from Trog
  1824 | D        | Reached skill level 21 in Maces & Flails
  1824 | D        | Reached skill level 15 in Dodging
  1824 | D        | Reached XP level 12. HP: 101/124 MP: 11/11
  1928 | D        | Bought a scroll of recharging for 123 gold pieces
  1928 | D        | Bought a scroll of blinking for 97 gold pieces
  1928 | D        | Bought a scroll of identify for 26 gold pieces
  2037 | D        | Bought a scroll of recharging for 123 gold pieces
  2037 | D        | Bought a scroll of identify for 26 gold pieces
  2108 | D        | Received a gift from Trog
  2154 | D        | Reached skill level 22 in Maces & Flails
  2190 | D        | Found Fuevyevo's Food Shoppe.
  2190 | D        | Found Xydiapn's General Store.
  2190 | D        | Found Tecet's General Store.
  2192 | D        | Found Qaac's General Store.
  2192 | D        | Found Ciseozut's Assorted Antiques.
  2192 | D        | Found Kisyar's Jewellery Shoppe.
  2192 | D        | Found Ibadwes's Antique Armour Boutique.
  2192 | D        | Found Xosiexoneo's General Store.
  2192 | D        | Found Ojipel Ysso's Armour Shop.
  2192 | D        | Found Itweceg's Antique Weapon Shoppe.
  2193 | D        | Found Rofymuju's Antique Armour Boutique.
  2194 | D        | Found Cupt's Weapon Emporium.
  2194 | D        | Found Ranaeg's Book Boutique.
  2195 | D        | Found Zacias's Food Emporium.
  2207 | D        | Bought a bread ration for 65 gold pieces
  2207 | D        | Bought a bread ration for 65 gold pieces
  2207 | D        | Bought a bread ration for 65 gold pieces
  2213 | D        | Bought a scroll of silence for 97 gold pieces
  2214 | D        | Bought a pair of gloves for 126 gold pieces
  2221 | D        | Bought a scroll of identify for 36 gold pieces
  2221 | D        | Bought a twisted pearl amulet for 90 gold pieces
  2221 | D        | Bought a granite ring for 90 gold pieces
  2224 | D        | Bought a slice of pizza for 19 gold pieces
  2224 | D        | Bought a scroll of identify for 26 gold pieces
  2224 | D        | Bought a scroll of fog for 26 gold pieces
  2224 | D        | Bought a scroll of identify for 26 gold pieces
  2295 | D        | Killed a daeva
  2295 | D        | Reached skill level 1 in Evocations
  2303 | D        | Reached skill level 1 in Shields
  2347 | D        | Noticed a fire giant
  2364 | D        | Killed a fire giant
  2364 | D        | Received a gift from Trog
  2405 | D        | Noticed a fire giant
  2425 | D        | Killed a fire giant
  2462 | D        | Noticed a fire giant
  2476 | D        | Killed a fire giant
  2476 | D        | Received a gift from Trog
  2476 | D        | Reached skill level 23 in Maces & Flails
  2484 | D        | Got a transparent dire flail {god gift}
  2485 | D        | Identified the +3 dire flail of Miemin {holy, rElec rC+ Str+4 Dex-3 Stlth+} (Trog gifted it to you in the Dungeon)
  2501 | D        | Noticed a fire giant
  2511 | D        | HP: 6/186 [fire giant/fireball (57)]
  2512 | D        | Killed a fire giant
  2512 | D        | Reached skill level 5 in Shields
  2512 | D        | Reached skill level 5 in Evocations
  2512 | D        | Reached XP level 13. HP: 6/132 MP: 15/15
  3028 | D        | Bought a bread ration for 55 gold pieces
  3028 | D        | Bought a bread ration for 55 gold pieces
  3028 | D        | Bought a bread ration for 55 gold pieces
  3028 | D        | Bought a royal jelly for 22 gold pieces
  3030 | D        | Bought a potion of haste for 110 gold pieces
  3030 | D        | Bought a scroll of identify for 22 gold pieces
  3032 | D        | Bought a potion of might for 72 gold pieces
  3033 | D        | Bought an uncursed ring of protection from fire for 350 gold pieces
  3150 | D        | Noticed a golden dragon
  3151 | D        | Noticed a shadow dragon
  3158 | D        | Killed a shadow dragon
  3164 | D        | Killed a golden dragon
  3243 | D        | Found Hoabeum's Weapon Shoppe.
  3293 | D        | Killed a deep elf annihilator
  3299 | D        | Received a gift from Trog
  3380 | D        | Bought the cursed +1 battleaxe "Bogim" {antimagic, +Fly rF+ rC- Dex+6} for 432 gold pieces
  3595 | D        | Bought 3 scrolls of remove curse for 117 gold pieces
  3693 | D        | Noticed the 27-headed Lernaean hydra
  3732 | D        | Killed the 27-headed Lernaean hydra
  3732 | D        | Reached skill level 24 in Maces & Flails
  3942 | D        | Noticed a deep elf master archer
  3955 | D        | Killed a deep elf master archer
  4364 | D        | Got a faintly glowing tin ring
  4369 | D        | Identified the ring of Yptishrel {rC+ rN+ Str+3 Dex-3 Stlth+} (You found it in the Dungeon)
  4469 | D        | Noticed Lom Lobon
  4539 | D        | Noticed Tiamat
  4830 | D        | Mangled by Tiamat

Vault maps used:
D:        dungeon_sprint_1

Action                   |  1- 3 |  4- 6 |  7- 9 | 10-12 | 13-15 || total
-------------------------+-------+-------+-------+-------+-------++-------
Melee: Mace              |     6 |    12 |    23 |       |       ||    41
       Morningstar       |       |       |    39 |       |       ||    39
       Dire flail        |       |       |       |   161 |    35 ||   196
       Battleaxe         |       |       |       |       |    20 ||    20
Invok: Berserk           |     2 |     3 |     3 |    10 |     3 ||    21
       Brothers in Arms  |       |       |     1 |     1 |     5 ||     7
       Trog's Hand       |       |       |       |     3 |     1 ||     4
 Abil: Evoke Flight      |       |       |       |       |     5 ||     5
Evoke: Wand              |       |       |       |     2 |     1 ||     3
  Use: Scroll            |       |       |       |     4 |     6 ||    10
       Potion            |       |       |       |       |     1 ||     1
  Eat: Chunk             |       |     2 |     4 |    10 |     2 ||    18
       Pizza             |       |       |     1 |     1 |       ||     2
       Bread ration      |       |       |       |     1 |     2 ||     3
       Royal jelly       |       |       |       |       |     1 ||     1
       Beef jerky        |       |       |       |       |     1 ||     1
